Unix NetHack Version 5.0.0-0 post-release - last build Jun 10 2026 00:39:30 (3ee93aec679c4c4259841fe613dc97188e26a321,branch:main).

Game began 2026-06-29 07:01:40, ended 2026-06-29 22:02:36.

Brudee, chaotic female human Rogue

                        --------------------------------
                        |...............................
                        |.........----------.....-----.|
                        |.........|...|....|.....|...|.
                        |.........|.. |....|.....-...|.|
     -----              |).....---|.. |+-------..| ..|.|
     |....       #####)).......|..|.. |.|..|..|B-----|.|
     |.>^|        %    #|......|..-|---.|..|..|.@....|.|
     |....#########     |......-|--%.{..--||..|.|.@f.|.|
     |...|  #####       |........[.........-+--.|....|.|
     |....              |.------|-%...-|--......|....|.|
     |...|              |.|..|...|....|..|-|------.--|.|
     -----              |.|..|(!(|....|..|... |{.|...|.|
                        |.|..|(((|....|..|....|..|.....|
                        |.-|------..{.----------|-----[|
                        |..............................|
                        --------------------------------

Brudee the Rogue        St:12 Dx:17 Co:15 In:12 Wi:9 Ch:10  Chaotic S:4940
Dlvl:7  $:178 HP:0(59) Pw:26(26) AC:0  Xp:7/1073 T:3720  Hungry  

Latest messages:
 The dwarf mummy hits!
 You hit the dwarf mummy.
 The dwarf mummy hits!
 You miss the dwarf mummy.
 The dwarf mummy hits!
 The vampire bat misses!
 The vampire bat misses!
 You hit the vampire bat.
 The vampire bat bites!
 The vampire bat misses!
 The dwarf mummy hits!
 The vampire bat bites!
 The vampire bat bites again!
 The hill orc throws an orcish dagger!
 The orcish dagger hits the hill orc.
 The hill orc picks up an orcish dagger.
 You don't have anything to eat.
 The housecat misses!
 You hit the housecat!
 The housecat bites!
 The housecat bites!
 You feel more confident in your weapon skills.
 You hit the housecat!
 The housecat bites!
 The housecat misses!
 What do you want to zap? [aJKP or ?*] ?
 In what direction? h
 The wand hits the housecat!
 You kill the housecat!
 What do you want to zap? [aJKP or ?*] P
 In what direction? h
 The wand hits the dwarf mummy!
 The dwarf mummy resists!
 The dwarf mummy hits!
 You destroy the dwarf mummy!
 What do you want to zap? [aJKP or ?*] P
 In what direction? k
 The wand hits the vampire bat!
 The vampire bat misses!
 The vampire bat misses!
 The vampire bat bites!
 The vampire bat bites again!
 The vampire bat bites!
 The vampire bat bites again!
 The vampire bat bites!
 The vampire bat bites again!
 The vampire bat's bite was poisoned!
 You die...
 Do you want your possessions identified? [ynq] (y) y
 Do you want to see your attributes? [ynq] (y) q

Inventory:
 Coins    ('$')
  $ - 178 gold pieces
 Weapons  (')')
  F - 13 +0 daggers (at the ready)
  b - the blessed +2 Sting
  r - the rustproof +2 Dragonbane (weapon in right hand)
 Armor    ('[')
  d - an uncursed +0 elven leather helm (being worn)
  p - a blessed +1 pair of jumping boots (being worn)
  o - a blessed +0 shield of shock resistance (being worn)
  H - an uncursed +0 dwarvish mithril-coat (being worn)
 Scrolls  ('?')
  j - an uncursed scroll of amnesia
  h - a cursed scroll of charging
  L - an uncursed scroll of create monster
  s - a cursed scroll of destroy armor
  E - an uncursed scroll of earth
  M - an uncursed scroll of enchant weapon
  i - an uncursed scroll of light
  S - an uncursed scroll of scare monster
 Potions  ('!')
  O - an uncursed potion of healing
  l - an uncursed potion of oil
  I - an uncursed potion of restore ability
  y - a potion of holy water
 Wands    ('/')
  J - a wand of create monster (0:13)
  K - a wand of magic missile (0:2)
  P - a wand of striking (0:1)
  a - a wand of striking (0:0)
 Tools    ('(')
  V - an empty uncursed oilskin sack
  e - an uncursed lock pick
  W - a +0 pick-axe
  g - a cursed tin opener
 Gems/Stones  ('*')
  D - an uncursed worthless piece of white glass
  m - a blessed luckstone

Brudee the Rogue's attributes:

Background:
 You were a Rogue, level 7 female human.
 You were chaotic, on a mission for Kos
 who was opposed by Issek (lawful) and Mog (neutral).
 You were right-handed.
 You were in the Gnomish Mines, on level 7.
 You entered the dungeon 3720 turns ago.
 It was nighttime.
 There was a full moon in effect when your adventure ended.
 You had 1073 experience points, 207 more were needed to attain level 8.
 Your score was 4940 before end-of-game adjustments.

Basics:
 You had 0 out of 59 hit points.
 You had all 26 energy points (spell power).
 Your armor class was 0.
 Your wallet contained 178 zorkmids.
 Autopickup was on for '$!=+?/"' plus thrown.

Final Characteristics:
 Your strength was 12 (limit:18/100).
 Your dexterity was 17 (peak:18, limit:18).
 Your constitution was 15 (limit:18).
 Your intelligence was 12 (limit:18).
 Your wisdom was 9 (limit:18).
 Your charisma was 10 (limit:18).

Final Status:
 You were hungry.
 You were unencumbered.
 You were wielding a broadsword.
 You were unskilled in broadsword and could have enhanced that.

Final Attributes:
 You were piously aligned.
 You were shock resistant.
 Your items were protected from electric shocks.
 You were stealthy.
 You could jump.
 You were guarded.
 You had reflection.
 You were very lucky.
 You had extra luck.
 Good luck did not time out for you.
 You are dead.

Miscellaneous:
 You didn't encounter any bones levels.
 Total elapsed playing time was 1 hour, 1 minute and 16 seconds.

Major events:
 Turn
    1: Brudee the chaotic female human Rogue entered the dungeon
 1511: entered the Gnomish Mines
 1549: attained the rank of Cutpurse (level 3)
 2328: attained the rank of Rogue (level 6)
 2888: chose an elven dagger to be named "Sting"
 2888: chose a runed broadsword to be named "Orcrist"
 3122: reached Mine Town
 3240: was bestowed with Dragonbane by Kos
 3720: killed by a vampire bat

You didn't know any spells.

Skills:
 Fighting Skills
   bare handed combat [Unskilled]
   two weapon combat  [Unskilled]
   riding             [Unskilled]
 Weapon Skills
   dagger             [Basic]
   knife              [Unskilled]
   short sword        [Basic]
   broadsword         [Unskilled]
   long sword         [Unskilled]
   two-handed sword   [Unskilled]
   saber              [Unskilled]
   club               [Unskilled]
   mace               [Unskilled]
   morning star       [Unskilled]
   flail              [Unskilled]
   hammer             [Unskilled]
   polearms           [Unskilled]
   spear              [Unskilled]
   crossbow           [Unskilled]
   dart               [Unskilled]
   shuriken           [Unskilled]
 Spellcasting Skills
   divination spells  [Unskilled]
   escape spells      [Unskilled]
   matter spells      [Unskilled]

Voluntary challenges:
 Character rerolling was not enabled.
 You never genocided any monsters.
 You never polymorphed an object.
 You never changed form.
 You used no wishes.
Achievements:
 You entered a shop.
 You entered the Gnomish Mines.
 You attained the rank of Cutpurse.
 You attained the rank of Rogue.
 You entered Minetown.
 You entered a temple.

 The Dungeons of Doom: levels 1 to 4
    Level 1:
    Level 2:
       An armor shop, a sink, a grave.
    Level 3:
       A fountain, a grave.
       Stairs down to The Gnomish Mines.
    Level 4:
 The Gnomish Mines: levels 4 to 9
    Level 4:
    Level 5:
    Level 6:
    Level 7: <- You were here.
       A lighting shop, a temple and an altar to Kos, some fountains, a sink.
       Final resting place for
          you, killed by a vampire bat.
    Level 8:
    Level 9:


Vanquished creatures:
 an ochre jelly
  a giant beetle
  a giant spider
  a gnome ruler
 an orc mummy
  a dwarf mummy
  a lizard
  a housecat
  a Woodland-elf
  8 gnome leaders
  2 gnomish wizards
  a kobold mummy
  a straw golem
  a floating eye
 11 dwarves
  7 hill orcs
  a centipede
  a giant bat
  4 monkeys
  2 iguanas
  a hobbit
  6 manes
  2 large kobolds
  a hobgoblin
  6 giant rats
  a cave spider
  a brown mold
 36 gnomes
  a gecko
  6 jackals
  2 foxes
  a goblin
  4 grid bugs
  2 lichens
  a kobold zombie
 11 newts
130 creatures vanquished.

No species were genocided or became extinct.

Game over:
                       ----------
                      /          \
                     /    REST    \
                    /      IN      \
                   /     PEACE      \
                  /                  \
                  |      Brudee      |
                  |      178 Au      |
                  |   killed by a    |
                  |   vampire bat    |
                  |                  |
                  |                  |
                  |       2026       |
                 *|     *  *  *      | *
        _________)/\\_//(\/(/\)/\//\/|_)_______

Goodbye Brudee the Rogue...

You died in The Gnomish Mines on dungeon level 7 with 4923 points,
and 178 pieces of gold, after 3720 moves.
You were level 7 with a maximum of 59 hit points when you died.

